 Dungeon Crawl Stone Soup version 0.28-a0-1117-g0bdd5ba030 (webtiles) character file.

Game seed: 1495711989436389636

0 spiderkeys the Skirmisher (level 1, -22/20 HPs)
             Began as a Djinni Abyssal Knight on Dec 12, 2021.
             Was a Follower of Lugonu.
             Killed from afar by a blizzard demon (36 damage)
             ... with a freezing blast
             ... on level 1 of the Abyss.
             The game lasted 00:00:13 (76 turns).

spiderkeys the Skirmisher (Djinni Abyssal Knight)     Turns: 76, Time: 00:00:14

Health: -22/20     AC:  3    Str: 12    XL:     1   Next: 0%
Gold:   0          EV: 12    Int: 11    God:    Lugonu [*.....] SH:  0 Dex: 13

rFire   + + .      SeeInvis .   a - +1 falchion
rCold   x . .      Faith    .   (no shield)
rNeg    . . .      Spirit   .   b - +0 leather armour
rPois   ∞          Reflect  .   (no helmet)
rElec   .          Harm     .   (no cloak)
rCorr   .          Rampage  .   (no gloves)
Will    .....                   (boots unavailable)
Stlth   +.........              (no amulet)
HPRegen 0.06/turn               (no ring)
MPRegen 0.00/turn               (no ring)

@: flying
A: sickness immunity, fire resistance 2, cold vulnerability 1, float, innate
caster, hp casting, extra vitality 1
a: Renounce Religion, Depart the Abyss


You were on level 1 of the Abyss.
You worshipped Lugonu.
Lugonu was aware of your devotion.
You visited 0 branches of the dungeon, and saw 0 of its levels.
You visited the Abyss 1 time.


Innate Abilities, Weirdness & Mutations

You are immune to sickness and miasma.
You are immune to poison.
Your flesh is very heat resistant. (rF++)
You are vulnerable to cold. (rC-)
You float through the air rather than walking.
You learn spells naturally, not from books.
Your magical power is your life essence.
You have superior vitality. (+4 HP)


   Skills:
 + Level 3.0 Fighting
 + Level 1.7 Long Blades
 + Level 1.0 Armour
 + Level 2.1 Dodging
 + Level 1.7 Invocations


You couldn't memorise any spells.
You didn't know any spells.
Your spell library was empty.

Inventory:

Hand Weapons
 a - a +1 falchion (weapon)
Armour
 b - a +0 leather armour (worn)

Dungeon Overview and Level Annotations

Branches:
Dungeon (0/15)

Altars:

.# #≈#.≈≈#≈x..# .
##..
..#.≈≈≈≈≈≈≈.#.#.§#
..
.≈≈≈♣≈≈≈.##.....#
## ≈..≈≈≈≈≈.2.#..
.# #..
≈#≈♣#.....#....#
#...
#..x.#.##$...[...
#. #.#..### .. .
.. #. ..#..§.# #
..# # ##..#@.##
#.#. .. .....#..#
. #..#. #...# # #.
#. ..#.# # . ...##
.# ##.. .. #.# ...
#§. #.#


You could see a blizzard demon and an ancient zyme.


Message History

🤖 Initializing magus.rc ... ✅ Successfully initialized magus.rc [v1.9.10] Welcome, spiderkeys the Djinni Abyssal Knight.
The heart of this dungeon contains the majestic artefact, the Orb of Zot.
Lugonu says: Depart the Abyss and spread corruption, my servant! (use the ability menu to exit the Abyss) Press ? for a list of commands and other information.
Found a corrupted altar of Lugonu.
Found a gateway leading out of the Abyss.
Unknown command.
Press < or > to pray at altars.
c - a scroll labelled YCYINE WEOMUO A tentacled starspawn comes into view.
A blizzard demon comes into view.
The blizzard demon shouts!
As you read the scroll labelled YCYINE WEOMUO, it crumbles to dust.
The creatures around you are filled with an inner flame!
It was a scroll of immolation.
A tentacle flies out from the starspawn's body!
A starspawn tentacle comes into view.
The starspawn tentacle grabs you. The starspawn tentacle constricts you.
A starspawn tentacle comes into view. 😕 HP[-3]
You take 3 damage, and now have 17/20 hp.
The starspawn tentacle's grasp on you weakens, but your attempt to escape fails.
An ancient zyme comes into view.
The starspawn tentacle loses its grip on you.
The tentacle pulls you backwards! The starspawn tentacle grabs you.
The starspawn tentacle constricts you.
The ancient zyme moves out of view. 😮 HP[-2]
You take 2 damage, and now have 15/20 hp.
You escape the starspawn tentacle's grasp.
The starspawn tentacle grabs you.
The starspawn tentacle constricts you. 😮 HP[-2]
You take 2 damage, and now have 13/20 hp.
You escape the starspawn tentacle's grasp. 😮 HP[+1]
The blizzard demon gestures at you. The bolt of cold misses you.
The blizzard demon gestures at you. The freezing blast engulfs you!!!
You feel a terrible chill!
Ouch! That really hurt!
You die...

Action                   || total
-------------------------++-------
  Use: Scroll            ||     1
Dodge: Dodged            ||     1

Levels and vault maps discovered:
Abyss:1:  base: Temple, hangedman_stitches_earthworm, base:
Temple

Notes
Turn   | Place    | Note
-------+----------+-------------------------------------------
     0 | Abyss:1  | spiderkeys the Djinni Abyssal Knight began the quest for
                  | the Orb.
     0 | Abyss:1  | Reached XP level 1. HP: 20/20 MP: 0/0
     0 | Abyss:1  | magus.rc [v1.9.10]
    50 | Abyss:1  | Noticed a tentacled starspawn
    52 | Abyss:1  | Noticed a blizzard demon
    64 | Abyss:1  | Noticed an ancient zyme
    76 | Abyss:1  | Killed from afar by a blizzard demon

Vanquished Creatures (others)
  2 starspawn tentacles (Abyss:1)
2 creatures vanquished.

Table legend:
 A = Non-vault XP
 B = Vault XP
 C = Vault XP percentage of total XP
 D = Non-vault monster count
 E = Vault monster count
 F = Vault count percentage of total count
                 A         B        C        D         E       F
            +---------+---------+-------+---------+---------+-------
      Total |       0 |       0 |   N/A |       0 |       0 |  -nan
            +---------+---------+-------+---------+---------+-------
            +---------+---------+-------+---------+---------+-------

Illustrated notes

Table legend: (Time is in decaauts)
 A = Elapsed time spent in this place.
 B = Non-inter-level travel time spent in this place.
 C = Inter-level travel time spent in this place.
 D = Time resting spent in this place.
 E = Time spent auto-exploring this place.
 F = Levels seen in this place.
 G = Mean time per level.
                   A        B        C        D        E       F      G
               +--------+--------+--------+--------+--------+-----+--------+
         Total |     76 |     76 |      0 |      0 |     50 |   1 |   76.0 |
         Abyss |     76 |     76 |      0 |      0 |     50 |   1 |   76.0 |
               +--------+--------+--------+--------+--------+-----+--------+

Top non-repeatable levels by time:
 Abyss:1: 76 daAuts
